 Dungeon Crawl Stone Soup version 0.18-a0-1088-g34ef3a2 (webtiles) character file.

7377 tof the Cleaver (level 11, -7/85 HPs)
             Began as a Formicid Fighter on Jan 15, 2016.
             Was an Initiate of Ru.
             Mangled by a 16-headed hydra (9 damage)
             ... on level 1 of the Lair of Beasts.
             The game lasted 00:39:28 (12316 turns).

tof the Cleaver (Formicid Fighter)                 Turns: 12316, Time: 00:39:29

Health: -7/85      AC: 19    Str: 22    XL:     11   Next: 36%
Magic:  12/12      EV: 11    Int: 12    God:    Ru [......]
Gold:   636        SH: 13    Dex: 11    Spells: 0 memorised, 10 levels left

rFire  . . .     SeeInvis +     O - +5 battleaxe (freeze)
rCold  + + +     Gourm    +     A - +3 ring mail "Weikkij" {rC+ Int+5}
rNeg   . . .     Faith    .     c - +0 shield
rPois  +         Spirit   .     (helmet unavailable)
rElec  .         Dismiss  .     B - +2 cloak {rPois}
rCorr  .         Reflect  .     m - +0 pair of gloves
SustAt .         Harm     .     I - +0 pair of boots
MR     +....                    u - amulet of the gourmand
Stlth  +.........               M - ring of protection from cold
                                (no ring)

@: somewhat resistant to hostile enchantments, very unstealthy
A: permanent stasis, dig shafts and tunnels, four strong arms, antennae 3, large
bone plates 1, molten scales 1, clumsy 1, cold resistance 1
a: Dig, Shaft Self, Sacrifice a Hand, Sacrifice an Eye, Sacrifice Artifice,
Reject Sacrifices, Renounce Religion


You were on level 1 of the Lair of Beasts.
You worshipped Ru.
Ru was noncommittal.
You were completely stuffed.

You visited 3 branches of the dungeon, and saw 12 of its levels.
You also visited: Ossuary.

You collected 636 gold pieces.

Inventory:

Hand Weapons
 a - a +5 hand axe
 C - the +5 mace of the Seven Ghosts {venom, rN+++ Int+4}
   (You found it on level 4 of the Dungeon)

   It poisons the flesh of those it strikes.
   It affects your intelligence (+4).
   It renders you almost immune to negative energy.
 O - a +5 battleaxe of freezing (weapon)
Missiles
 o - 32 bolts
Armour
 c - a +0 shield (worn)
 m - a +0 pair of gloves (worn)
 A - the +3 ring mail "Weikkij" (worn) {rC+ Int+5}
   (You found it on level 6 of the Dungeon)

   It affects your intelligence (+5).
   It protects you from cold.
 B - a +2 cloak of poison resistance (worn)
 I - a +0 pair of boots (worn)
Jewellery
 u - an amulet of the gourmand (around neck)
 w - an uncursed ring of ice
 M - a ring of protection from cold (right hand)
Wands
 j - a wand of confusion (17/48)
 l - a wand of digging (14/24)
 s - a wand of frost (18/48)
 v - a wand of heal wounds (0/9)
 z - a wand of cold (7/15)
 G - a wand of polymorph (15/24)
 H - a wand of enslavement (14/24)
Scrolls
 g - a scroll of magic mapping
 i - 3 scrolls of identify
 n - a scroll of blinking {unknown}
 x - a scroll of remove curse
 E - a scroll of amnesia
 J - a scroll of silence {unknown}
 K - a scroll of torment {unknown}
 Q - 2 scrolls of immolation {unknown}
Potions
 b - 5 potions of curing
 d - a potion of might
 e - a potion of mutation {unknown}
 k - 3 potions of flight {unknown}
 q - a potion of ambrosia {unknown}
 r - 3 potions of agility {unknown}
 D - a potion of haste {unknown}
 F - 2 potions of lignification {unknown}
Books
 p - a book of Annihilations

   Spells                             Type                      Level
   a - Poison Arrow                   Conjuration/Poison           6
   b - Chain Lightning                Conjuration/Air              8
   c - Lehudib's Crystal Spear        Conjuration/Earth            8
   d - Glaciate                       Conjuration/Ice              9
   e - Fire Storm                     Conjuration/Fire             9
Miscellaneous
 t - a plain deck of defence {drawn: 8}
Comestibles
 f - 4 bread rations
 h - 6 meat rations
 L - a beef jerky
 N - 9 slices of pizza


   Skills:
 + Level 7.7 Fighting
 * Level 9.1(10.1) Axes
 - Level 6.8(9.0) Maces & Flails
   Level 1.5 Crossbows
 + Level 8.8 Armour
 - Level 2.2 Dodging
 - Level 0.3 Stealth
 + Level 9.0 Shields
 - Level 1.9 Evocations


You had 10 spell levels left.
You didn't know any spells.

Dungeon Overview and Level Annotations

Branches:
Dungeon (10/15)            Temple (1/1) D:6            Lair (1/8) D:10
    Orc: D:9-12

Altars:
Ashenzari
Cheibriados
Dithmenos
Elyvilon
Gozag
Kikubaaqudgha
Makhleb
Nemelex Xobeh
Okawaru
Pakellas
Qazlal
Ru
Sif Muna
Trog
Vehumet
Xom
Yredelemnul
Zin
The Shining One

Shops:
D:5 =


Innate Abilities, Weirdness & Mutations

You are under a permanent stasis effect.
You can dig through walls and to a lower floor.
Your four strong arms can wield two-handed weapons with a shield.
You have a pair of large antennae on your head (SInv).
You are partially covered in large bone plates (AC +2, SH +2).
You are partially covered in molten scales (AC +1).
You are clumsy. (Dex -2)
Your flesh is cold resistant.


Message History

The 14-headed hydra grows two more!
You slice the 16-headed hydra!! You freeze the 16-headed hydra!
The 16-headed hydra seems to slow down.
The 16-headed hydra is severely wounded.
Evoke which item? (* to show all) (? for menu, Esc to quit)
Okay, then.
There is a staircase back to the Dungeon here.
The 16-headed hydra is no longer moving slowly.
The 16-headed hydra bites you.
The 16-headed hydra bites you but does no damage.
The 16-headed hydra bites you!
* * * LOW HITPOINT WARNING * * *
You block the 16-headed hydra's attack. The 16-headed hydra bites you!
* * * LOW HITPOINT WARNING * * *
You block the 16-headed hydra's attack. The 16-headed hydra closely misses you.
The 16-headed hydra bites you but does no damage. x3
The 16-headed hydra closely misses you. The 16-headed hydra bites you!
* * * LOW HITPOINT WARNING * * *
You block the 16-headed hydra's attack. The 16-headed hydra closely misses you.
The 16-headed hydra bites you!
You die...

# #######
####.##.....######
..........<......#
######.....####..
#..D...# ##.@...#
#.....# #.....#
##.#### #.# #.#
###### #.###
#....# #.#.##.###
#....#
######.........


You could see a 16-headed hydra.

Vanquished Creatures
  Fannar (D:10)
  Pikel (D:5)
  A manticore (D:9)
  A black mamba (Lair:1)
  A komodo dragon (Lair:1)
  A troll (D:9)
  A two-headed ogre (D:8)
  Grinder (D:4)
  Sigmund (D:4)
  The ghost of HunterMK1337 the Conjurer, an amateur DECj (D:3)
  Eustachio (D:5)
  A hungry ghost (D:7)
  Menkaure (D:5)
  A hippogriff (D:10)
  A water moccasin (D:9)
  Duvessa (D:5)
  A porcupine (Lair:1)
  A slave (D:5)
  An ice beast (D:8)
  2 orc warriors (D:8)
  2 sky beasts
  3 ogres
  A wasp (D:8)
  A necrophage (D:8)
  6 centaurs
  A crocodile (Lair:1)
  3 giant frogs
  Dowan (D:5)
  A wyvern skeleton (D:10)
  A scorpion (D:6)
  12 wights
  3 centaur zombies
  6 crimson imps
  2 giant frog zombies
  2 hounds
  2 human zombies
  A jelly (D:8)
  An orc priest (D:3)
  3 orc wizards
  Crazy Yiuf (D:4)
  Jessica (D:6)
  3 centaur skeletons
  8 worker ants
  3 big kobold zombies (Ossuary)
  3 hound zombies
  3 hound skeletons
  2 mummies (Ossuary)
  A worker ant zombie (D:6)
  3 gnolls (D:6)
  9 adders
  2 shadow imps
  2 oozes
  2 adder zombies (Ossuary)
  A worm (D:4)
  An adder skeleton (D:6)
  6 giant geckos
  22 orcs
  8 giant cockroaches
  9 goblins
  7 hobgoblins
  7 jackals
  5 quokkas
  2 ball pythons
  2 bats (D:1)
  A giant gecko skeleton (D:4)
  6 giant newts
  A goblin zombie (Ossuary)
  9 hobgoblin zombies (Ossuary)
  2 jackal zombies (Ossuary)
  3 kobolds
  9 kobold zombies (Ossuary)
  11 orc zombies
  A quokka skeleton (D:8)
  4 rats
  A plant (D:10)
234 creatures vanquished.

Vanquished Creatures (others)
  3 orcs (D:5)
  A quokka (D:5)
  A fungus (Lair:1)
5 creatures vanquished.

Grand Total: 239 creatures vanquished

Notes
Turn   | Place    | Note
--------------------------------------------------------------
     0 | D:1      | tof the Formicid Fighter began the quest for the Orb.
     0 | D:1      | Reached XP level 1. HP: 18/18 MP: 1/1
   213 | D:1      | Reached XP level 2. HP: 24/24 MP: 2/2
   632 | D:1      | Found a sparkling altar of Nemelex Xobeh.
   803 | D:2      | Reached skill level 4 in Shields
   803 | D:2      | Reached XP level 3. HP: 29/29 MP: 3/3
   979 | D:2      | Found a radiant altar of Vehumet.
  1131 | D:2      | Found a bloodstained altar of Trog.
  1187 | D:3      | Reached XP level 4. HP: 35/35 MP: 4/4
  1512 | D:3      | Noticed HunterMK1337's ghost (amateur DECj)
  1518 | D:3      | Found a sparkling altar of Nemelex Xobeh.
  1714 | D:3      | Reached XP level 5. HP: 42/42 MP: 5/5
  2953 | D:4      | Noticed an ogre
  3407 | D:3      | Killed HunterMK1337's ghost
  3407 | D:3      | Reached skill level 1 in Crossbows
  3407 | D:3      | Reached skill level 1 in Dodging
  3407 | D:3      | Reached XP level 6. HP: 35/48 MP: 6/6
  3488 | D:4      | Killed an ogre
  3488 | D:4      | Reached skill level 5 in Armour
  3488 | D:4      | Reached XP level 7. HP: 34/54 MP: 7/7
  3609 | D:4      | Noticed Sigmund
  3810 | D:4      | Reached skill level 1 in Evocations
  4053 | D:4      | Reached skill level 5 in Shields
  4312 | D:4      | Killed Sigmund
  4312 | D:4      | Reached XP level 8. HP: 45/61 MP: 9/9
  4450 | D:4      | Found a snail-covered altar of Cheibriados.
  4561 | D:4      | Found a white marble altar of Elyvilon.
  4603 | D:4      | Noticed Grinder
  4781 | D:4      | Killed Grinder
  4781 | D:4      | Reached skill level 6 in Armour
  4997 | D:4      | Noticed Crazy Yiuf
  5006 | D:4      | Killed Crazy Yiuf
  5018 | D:4      | Got a scorched mace
  5019 | D:4      | Identified the +5 mace of the Seven Ghosts {venom, rN+++ Int+4} (You found it on level 4 of the Dungeon)
  5047 | D:5      | Entered Level 5 of the Dungeon
  5216 | D:5      | Noticed Pikel
  5231 | D:5      | Killed Pikel
  5231 | D:5      | Reached skill level 5 in Fighting
  5231 | D:5      | Reached skill level 5 in Axes
  5231 | D:5      | Reached XP level 9. HP: 43/68 MP: 10/10
  5325 | D:5      | Noticed Duvessa
  5325 | D:5      | Noticed Dowan
  5345 | D:5      | Killed Duvessa
  5354 | D:5      | Killed Dowan
  5413 | D:5      | Found Kohias's Jewellery Shoppe.
  5464 | D:5      | Noticed Eustachio
  5478 | D:5      | Killed Eustachio
  5478 | D:5      | Reached skill level 7 in Armour
  5748 | D:5      | Noticed Menkaure
  5752 | D:5      | Killed Menkaure
  5933 | D:6      | Found a staircase to the Ecumenical Temple.
  5952 | Temple   | Entered the Ecumenical Temple
  6281 | Temple   | Became a worshipper of Ru the Awakened
  6430 | D:6      | Noticed Jessica
  6445 | D:6      | Killed Jessica
  6450 | D:6      | Found a deep blue altar of Sif Muna.
  6542 | D:6      | Got a translucent ring mail
  6553 | D:6      | Identified the +3 ring mail "Weikkij" {rC+ Int+5} (You found it on level 6 of the Dungeon)
  6605 | D:6      | Gained mutation: You regenerate slowly when monsters are visible. [mutagenic meat]
  7033 | D:6      | Reached XP level 10. HP: 71/76 MP: 11/11
  7465 | D:7      | Reached skill level 5 in Maces & Flails
  8334 | D:8      | Found a sand-covered staircase.
  8354 | Ossuary  | Entered an ossuary
  9394 | D:8      | Reached skill level 8 in Shields
  9661 | D:8      | Found an ancient bone altar of Kikubaaqudgha.
  9789 | D:8      | Lost mutation: You regenerate slowly when monsters are visible. [mutagenic meat]
  9790 | D:8      | Gained mutation: You are partially covered in large bone plates (AC +2, SH +2). [mutagenic meat]
  9791 | D:8      | Gained mutation: You are clumsy. (Dex -2) [mutagenic meat]
  9792 | D:8      | Gained mutation: Your flesh is cold resistant. [mutagenic meat]
  9793 | D:8      | Gained mutation: You are partially covered in molten scales (AC +1). [mutagenic meat]
 10478 | D:9      | Noticed a manticore
 10490 | D:9      | Killed a manticore
 10741 | D:9      | Found an iron altar of Okawaru.
 11091 | D:10     | Entered Level 10 of the Dungeon
 11171 | D:10     | Reached XP level 11. HP: 81/84 MP: 12/12
 11250 | D:10     | Noticed Fannar
 11282 | D:10     | Killed Fannar
 11462 | D:10     | Found a staircase to the Lair.
 11912 | Lair:1   | Entered Level 1 of the Lair of Beasts
 11941 | Lair:1   | Reached skill level 9 in Axes
 12192 | Lair:1   | Noticed a four-headed hydra
 12212 | Lair:1   | HP: 2/85 [14-headed hydra (5)]
 12316 | Lair:1   | HP: 2/85 [16-headed hydra (8)]
 12316 | Lair:1   | Mangled by a 16-headed hydra

Vault maps used:
D:1:      dpeg_arrival_erosion, kennysheep_another_room,
          nemelex_diamond_rough_becter
D:2:      lightli_temple_of_fire, fiery_altar_vehumet
D:3:      nemelex_deck
D:4:      cheibriados_altar_1, lemuel_crystal_altar, minmay_misc_feat_iff,
          uniq_crazy_yiuf_cottage, uniq_sigmund, uniq_grinder
D:5:      serial_shops, nicolae_shop_temple_entry_statues_fountains,
          first_bread, uniq_menkaure, uniq_duvessa, uniq_eustachio, uniq_pikel
D:6:      tgw_sif, minmay_temple_entry_statues_pillars
D:8:      lemuel_round_altar, enter_ossuary_3, grunt_pizzeria,
          kennysheep_doodads
D:9:      nicolae_overflow_hidden_temple
D:10:     dpeg_oklobed_lair, uniq_fannar
Temple:   triangle_lava_temple_11
Lair:1:   serial_bayou_shore_a
Ossuary:  ossuary_tomb_1

Action                   |  1- 3 |  4- 6 |  7- 9 | 10-12 || total
-------------------------+-------+-------+-------+-------++-------
Melee: War axe           |    82 |    21 |       |       ||   103
       Arbalest          |       |     1 |       |       ||     1
       Hand axe          |       |    82 |   110 |       ||   192
       Mace              |       |       |   165 |   348 ||   513
       Unarmed           |       |       |    15 |       ||    15
       Battleaxe         |       |       |       |    85 ||    85
 Fire: Arbalest          |       |    42 |       |       ||    42
Evoke: Deck              |       |     6 |     2 |       ||     8
       Wand              |       |       |     2 |     4 ||     6
  Use: Scroll            |       |     2 |     7 |     9 ||    18
  Eat: Chunk             |     1 |    14 |    22 |    37 ||    74
       Royal jelly       |       |     1 |       |       ||     1
       Beef jerky        |       |       |     1 |       ||     1
